 Dungeon Crawl Stone Soup version 0.30.1-1-g62c8e00024 (webtiles) character file.

Game seed: 2528252215236143824

882 CrazyBamboolord the Gusty (level 8, -3/45 HPs)
             Began as a Tengu Air Elementalist on July 17, 2023.
             Slain by a yak (8 damage)
             ... on level 8 of the Dungeon.
             The game lasted 00:13:21 (4724 turns).

CrazyBamboolord the Gusty (Tengu Air Elementalist)  Turns: 4724, Time: 00:13:21

Health: -3/45      AC:  3    Str:  9    XL:     8   Next: 5%
Magic:  16/16      EV: 16    Int: 17    God:
Gold:   266        SH:  0    Dex: 15    Spells: 10/16 levels left

rFire   . . .        q - +8 short sword "Popsuneu" {protect, rN+}
rCold   . . .        (no shield)
rNeg    + + .        a - +0 robe
rPois   .            (helmet restricted)
rElec   .            (no cloak)
rCorr   .            s - +0 pair of gloves
SInv    .            (boots unavailable)
Will    .....        (no amulet)
Stlth   +            l - ring of positive energy
HPRegen 0.27/turn    (no ring)
MPRegen 0.15/turn

%: clarity
@: confused, brilliant, ambrosia-drunk, attractive, flying quickly and
evasively, invisible, quick
A: beak, talons 3, nimble flight, clarity, no potion heal 1, subdued magic 1,
MP-powered wands
a: no special abilities


You were on level 8 of the Dungeon.
You visited 1 branch of the dungeon, and saw 6 of its levels.
You also visited: Sewer.

You collected 266 gold pieces.

Inventory:

Hand Weapons
 q - the +8 short sword "Popsuneu" (weapon) {protect, rN+}
   (You found it on level 4 of the Dungeon)

   rN:        It protects you from negative energy.
Armour
 a - a +0 robe (worn)
 s - a +0 pair of gloves (worn)
Jewellery
 l - a ring of positive energy (left hand)
Scrolls
 j - a scroll of magic mapping
 p - a scroll of immolation
Potions
 h - a potion of cancellation
 r - a potion of degeneration {unknown}


   Skills:
 * Level 2.4 Fighting
 + Level 0.4 Short Blades
 * Level 3.6 Dodging
 - Level 2.0 Stealth
 * Level 4.8 Spellcasting
 * Level 5.8 Conjurations
 * Level 7.0 Air Magic


You had 10 spell levels left.
You knew the following spells:

 Your Spells              Type           Power      Damage    Failure   Level
a - Shock                 Conj/Air       100%       1d9       1%          1
b - Static Discharge      Conj/Air       58%        2-5/arc   1%          2
c - Swiftness             Air            32%        N/A       1%          3

Your spell library contained the following spells:

 Spells                   Type           Power      Damage    Failure   Level
 Airstrike                Air            16%        2d(3-19)  7%          4
 Blink                    Tloc           8%         N/A       19%         2
 Gell's Gravitas          Tloc           4%         N/A       36%         3
 Teleport Other           Tloc           4%         N/A       36%         3
 Manifold Assault         Tloc           4%         N/A       78%         4
 Dispersal                Tloc           2%         N/A       100%        6
 Storm Form               Tmut/Air       9%         N/A       100%        7


Dungeon Overview and Level Annotations

Branches:
Dungeon (5/15)              Sewer (visited)
 Temple: D:4-7

Altars:
Dithmenos
Hepliaklqana


Innate Abilities, Weirdness & Mutations

You have a beak for a mouth.
You have claws for feet.
Your magical nature lets you fly swiftly and evasively.
You possess an exceptional clarity of mind.
Potions are less effective at restoring your health.
Your spells are a little easier to cast, but a little less powerful.
You expend magic power (3 MP) to strengthen your wands.


Message History

The kobold brigand barely misses you. The yak misses you.
You feel better.
The yak bellows!
You hear a bellow!
The yak bellows!
The yak snorts and paws the ground.
The gnoll sergeant hits you from afar with a +0 spear!
The kobold brigand barely misses you. The yak completely misses you.
The gnoll closely misses you.
You hear a shout!
It was a potion of ambrosia.
You are confused.
You feel invigorated. The gnoll closely misses you.
The gnoll completely misses you.
The gnoll sergeant hits you from afar with a +0 spear!
* * * LOW HITPOINT WARNING * * *
The kobold brigand closely misses you. The yak gores you but does no damage.
The gnoll misses you.
It was a potion of mutation.
You feel extremely strange.
Your thoughts seem clearer.
Your system partially rejects the healing effects of potions.
Your connection to magic feels subdued.
You feel your magical essence link to the dungeon's wands.
The gnoll misses you. The gnoll closely misses you.
The gnoll sergeant hits you from afar with a +0 spear!
* * * LOW HITPOINT WARNING * * *
The kobold brigand misses you. The gnoll closely misses you.
The yak barely misses you.
Unknown command.
It was a potion of brilliance.
You feel clever all of a sudden.
The yak bellows!
The gnoll misses you.
The gnoll sergeant completely misses you.
The kobold brigand completely misses you.
The yak gores you!
* * * LOW HITPOINT WARNING * * *
The gnoll misses you.
It was a potion of attraction.
You feel attractive to monsters. The gnoll barely misses you.
The yak gores you!
You die...

,,,,,,**.## ###.....,.?......#
,,,,,,**.####.......,,.......#
,,,,,,*#.#.........#*##......#
,,,,,,**,#.........# #.......#
,,,,,,**,..........# #.......#
,,,,,,**,#......g..###....)..#
,,,,,,*,,#....)ggg...........###
,,,,,,,,*#......gY.##.####.....##
*,,**,,,K#Y.F.)K@..##.###.......#
,,,,,,,,K.YFY..######.##.........
,,,,,,,,,##...,,,,,*#.##.........
,,,,,,,,,*#..,****,,.............
,,,,*,,,,...*** ***#.#.....[....
,,,,,,,,,##********##.#..........
,,,,,,,,,,,,,,,,,,,.............#
,,,,,,,,,*****######..##.........
,,,,,,,,,* #......ยงยง.........>


You could see 4 yaks, a kobold brigand (unable to see you), a gnoll sergeant
(unable to see you), 2 bullfrogs and 4 gnolls.

Vanquished Creatures
  A centaur (D:8)
  A phantom (D:5)
  4 scorpions
  A sleepcap (D:5)
  An orc priest (D:8)
  A gnoll bouda (D:4)
  2 hounds (D:4)
  A hell rat (Sewer)
  2 iguanas (D:4)
  3 orc wizards
  4 gnolls
  5 adders
  2 river rats
  An ufetubus (D:3)
  2 worms (D:3)
  4 dart slugs
  10 orcs
  8 endoplasms
  3 giant cockroaches
  4 goblins
  6 hobgoblins
  5 jackals
  11 kobolds
  4 quokkas
  A ball python (D:1)
  A bat (D:3)
  4 frilled lizards
  6 rats
98 creatures vanquished.

Notes
Turn   | Place    | Note
-------+----------+-------------------------------------------
     0 | D:1      | CrazyBamboolord the Tengu Air Elementalist began the quest
                  | for the Orb.
     0 | D:1      | Reached XP level 1. HP: 10/10 MP: 4/4
   318 | D:1      | Reached XP level 2. HP: 7/15 MP: 0/6
   869 | D:1      | Learned a level 2 spell: Static Discharge
  1068 | D:2      | Reached XP level 3. HP: 11/20 MP: 0/7
  1721 | D:3      | Reached XP level 4. HP: 19/24 MP: 0/8
  1846 | D:3      | Reached skill level 1 in Fighting
  1877 | D:3      | Reached skill level 5 in Air Magic
  1882 | D:3      | Found a glowing drain.
  1886 | Sewer    | Entered a sewer
  2038 | Sewer    | Gained mutation: Your magical nature lets you fly swiftly
                  | and evasively. [Tengu growth]
  2038 | Sewer    | Reached XP level 5. HP: 15/29 MP: 0/10
  2850 | D:4      | Identified the +8 short sword "Popsuneu" {protect, rN+}
  2944 | D:4      | Reached XP level 6. HP: 24/34 MP: 0/12
  3447 | D:4      | Reached skill level 6 in Air Magic
  3590 | D:4      | Reached XP level 7. HP: 36/39 MP: 4/14
  4162 | D:5      | Entered Level 5 of the Dungeon
  4167 | D:5      | Learned a level 3 spell: Swiftness
  4385 | D:5      | Reached skill level 5 in Conjurations
  4631 | D:5      | You are sucked into a shaft and drop 3 floors!
  4631 | D:8      | Found a shadowy altar of Dithmenos.
  4632 | D:8      | Found a hazy altar of Hepliaklqana.
  4657 | D:8      | Noticed a yak
  4660 | D:8      | Reached XP level 8. HP: 12/45 MP: 6/16
  4666 | D:8      | Noticed a yak
  4706 | D:8      | Noticed a yak
  4709 | D:8      | Noticed a yak
  4710 | D:8      | Noticed a yak
  4710 | D:8      | Noticed a yak
  4714 | D:8      | Reached skill level 7 in Air Magic
  4714 | D:8      | Noticed a yak
  4719 | D:8      | Noticed a yak
  4722 | D:8      | Gained mutation: You possess an exceptional clarity of
                  | mind. [potion of mutation]
  4722 | D:8      | Gained mutation: Potions are less effective at restoring
                  | your health. [potion of mutation]
  4722 | D:8      | Gained mutation: Your spells are a little easier to cast,
                  | but a little less powerful. [potion of mutation]
  4722 | D:8      | Gained mutation: You expend magic power (3 MP) to
                  | strengthen your wands. [potion of mutation]
  4724 | D:8      | Slain by a yak

Illustrated notes

Levels and vault maps discovered:
D:1:      nicolae_arrival_memento_mori, layout_basic, st_stairs_3
D:2:      layout_rooms, grunt_decor_fettered, serial_bayou_crossing
D:3:      layout_basic, gup_sewer_entry_spiral, nicolae_kite_square_tiling_tiny,
          fountainhead
D:4:      layout_basic, kennysheep_generic_room_7
D:5:      layout_basic, mainiacjoe_overflow_catch_the_wave, nrook_campfire
D:8:      layout_rooms, grunt_dithmenos_smoke, overflow_temple_1_default,
          minmay_crossroads, uniq_maurice

Skill      XL: |  1  2  3  4  5  6  7  8 |
---------------+-------------------------+-----
Conjurations   | 2 3 4 5 |  5.8
Fighting       | 1 2 |  2.4
Air Magic      | 5 6 7 |  7.0
Spellcasting   | 3 4 |  4.8
Dodging        | 3 |  3.6
Short Blades   | |  0.4
Stealth        | |  2.0

Action                     |  1- 3 |  4- 6 |  7- 9 || total
---------------------------+-------+-------+-------++-------
  Melee: Unarmed           |    12 |       |       ||    12
         Kick              |     6 |     7 |       ||    13
         Peck              |     3 |     4 |       ||     7
         Mace              |    15 |    18 |       ||    33
         Short sword       |       |    11 |       ||    11
   Cast: Shock             |    68 |   127 |    62 ||   257
         Static Discharge  |     2 |     1 |    11 ||    14
    Use: Scroll            |     2 |     1 |     7 ||    10
         Potion            |       |     1 |    17 ||    18
 Armour: Robe              |     5 |     9 |     8 ||    22
  Dodge: Dodged            |    45 |    49 |   110 ||   204
